Map: Praça Neon Violeta LE

Players

FusedHybrid - Winner!

  • Race: Terran Terran
  • League: Silver
  • Spawn Location: 11:00

IagoAbreu

  • Race: Zerg Zerg
  • League: Silver
  • Spawn Location: 5:00

VOD

Have the link to the VOD?

Description

Time

  • Played on: March 8, 2018, 7:21 a.m.
  • Length: 14:16
Show
View Real Time Build Order
Export as new Build Order

FusedHybrid Terran - Winner!

Build Orders: Mech 

Get SALT Encoding   

  12  0:01  SCV  
  13  0:16  Supply Depot  
  13  0:19  SCV  
  14  0:25  Refinery  
  14  0:42  SCV, Barracks  
  15  0:54  SCV  
  16  1:04  Supply Depot  
  16  1:06  SCV  
  17  1:18  SCV  
  18  1:30  Barracks Reactor  
  18  1:34  Orbital Command  
  18  1:39  Engineering Bay  
  18  1:51  Refinery  
  18  2:01  SCV  
  19  2:07  Factory  
  19  2:09  Marine  
  19  2:12  Marine  
  19  2:13  SCV  
  22  2:30  Marine  
  22  2:31  Marine  
  22  2:34  Terran Infantry Weapons Level 1  
  24  2:50  Marine x2  
  26  2:55  Factory Tech Lab  
  26  2:59  Factory  
  26  3:18  Command Center  
  26  3:20  Marine  
  26  3:23  Marine  
  28  3:32  SCV  
  29  3:44  SCV  
  29  3:47  Factory Reactor  
  30  3:54  Factory  
  30  4:06  Marine  
  31  4:12  Marine  
  31  4:13  Siege Tank  
  31  4:16  Supply Depot  
  35  4:28  Marine  
  35  4:30  Marine  
  37  4:33  Terran Infantry Armor Level 1  
  37  4:36  Orbital Command  
  37  4:46  Marine  
  37  4:48  Supply Depot  
  38  4:55  Factory Reactor  
  38  4:57  Hellion  
  40  5:08  Armory  
  40  5:18  SCV x2  
  42  5:30  SCV  
  43  5:38  Supply Depot  
  43  5:44  Hellion  
  43  5:45  Hellion  
  47  6:02  Supply Depot  
  47  6:07  Supply Depot  
  47  6:13  Hellion x2  
  47  6:14  Hellion  
  47  6:15  Hellion  
  49  6:50  Bunker  
  49  6:57  Terran Vehicle Weapons Level 1  
  49  6:58  Infernal Pre-Igniter  
  49  7:00  Marine  
  49  7:01  Marine  
  51  7:05  Hellbat x3  
  57  7:16  Starport  
  57  7:18  Marine x2  
  59  7:36  Marine x2  
  61  7:43  Hellbat  
  61  7:44  Hellbat x3  
  69  7:46  Siege Tank  
  72  7:51  Building Armor  
  72  7:54  Marine x2  
  72  7:55  Starport Reactor  
  74  8:00  Starport  
  74  8:05  Refinery  
  74  8:07  SCV x2  
  74  8:09  Refinery  
  76  8:18  Siege Tank  
  76  8:19  SCV x2  
  81  8:31  SCV  
  82  8:35  Medivac x2  
  82  8:38  SCV  
  87  8:44  SCV  
  88  8:48  Starport Tech Lab  
  88  8:50  SCV  
  89  8:55  Missile Turret  
  89  9:02  Terran Vehicle And Ship Armor Level 1  
  89  9:04  Marine x2  
  89  9:05  Medivac  
  93  9:15  Missile Turret  
  93  9:22  Marine  
  94  9:27  Corvid Reactor  
  94  9:34  Marine, Missile Turret, Medivac  
  97  9:39  Marine  
  97  9:44  Terran Infantry Armor Level 2  
  98  9:52  Marine  
  99  9:54  Missile Turret  
  99  9:57  Marine  
  100  10:19  Marine  
  100  10:20  Marine  
  102  11:29  Marine  
  102  11:30  Marine  
  102  11:32  Medivac  
  101  11:34  Medivac  
  101  11:36  Medivac  
  98  11:40  Thor  
  95  11:47  Marine  
  95  11:48  Marine  
  92  11:54  Hellbat x2  
  92  11:55  Hellbat x2  
  100  12:02  Medivac  
Show
View Real Time Build Order
Export as new Build Order

IagoAbreu Zerg 

Build Orders: Pool First 

Get SALT Encoding   

  12  0:20  Spawning Pool  
  11  0:26  Drone  
  12  0:34  Overlord  
  12  0:38  Drone  
  12  0:42  Drone  
  14  0:56  Extractor  
  13  1:00  Drone x2  
  15  1:16  Queen  
  17  1:19  Drone  
  17  1:25  Drone  
  19  1:36  Overlord  
  19  1:41  Drone  
  20  1:58  Hatchery  
  19  2:05  Metabolic Boost  
  19  2:09  Drone x2  
  21  2:18  Drone  
  22  2:32  Extractor  
  21  2:54  Drone x4  
  25  2:59  Queen  
  27  3:17  Roach Warren  
  26  3:20  Drone  
  27  3:33  Drone x2  
  29  3:39  Lair  
  29  3:53  Drone  
  30  3:56  Drone  
  31  4:03  Zergling x8  
  31  4:04  Zergling x2  
  31  4:09  Overlord  
  36  4:10  Overlord x3  
  36  4:31  Zergling x2  
  36  4:32  Zergling x8  
  41  4:39  Zergling x8  
  45  4:47  Glial Reconstitution  
  45  4:51  Burrow  
  45  4:58  Zergling x8  
  45  4:59  Zergling x2  
  50  5:11  Zergling x6  
  50  5:12  Zergling x8  
  57  5:30  Roach  
  57  5:35  Overlord x4  
  59  5:36  Overlord  
  59  6:00  Roach x6  
  59  6:01  Roach x2  
  59  6:04  Zergling x2  
  50  6:55  Spire  
  51  7:08  Roach x2  
  51  7:09  Roach x2, Zergling x6  
  51  7:10  Zergling x6  
  63  7:31  Pneumatized Carapace  
  63  7:43  Drone x3  
  66  7:51  Zergling x14  
  70  7:52  Roach x2  
  77  8:23  Zerg Flyer Weapons Level 1  
  77  8:52  Evolution Chamber  
  76  9:09  Mutalisk  
  76  9:10  Mutalisk x7  
  76  9:14  Overlord x3  
  76  9:15  Overlord  
  92  9:47  Overseer  
  92  10:04  Extractor  
  91  10:14  Mutalisk x2  
  91  10:16  Roach x2  
  91  10:17  Zergling x8  
  91  10:18  Zergling x12  
  73  11:30  Mutalisk x3  
  53  11:58  Mutalisk  
  51  12:01  Zergling x4  
  5  12:45  Hatchery  
Tags
 
Add a new tag
Caveats
  • Supply blocks, unpowered buildings, or Contaminate may cause inaccurate times.
  • Supply counts are checked every 10 seconds.